 Dungeon Sprint DCSS version 0.24.0-125-gc4c63601f3 (webtiles) character file.

Game seed: 6133658405262889668, levelgen mode: deterministic

6700000 Ponchio the Conqueror (level 26, 0/266 HPs)
             Began as a Red Draconian Berserker on Mar 4, 2020.
             Was a High Priest of Makhleb.
             Killed by the air
             ... invoked by a tyrant
              (28 damage)
             ... in the Dungeon (Sprint VIII: "Arena of Blood").
             The game lasted 00:12:04 (67 turns).

Ponchio the Conqueror (Red Draconian Berserker)       Turns: 67, Time: 00:12:06

Health: 0/266      AC: 12    Str: 24    XL:     26   Next: 82%
Magic:  25/54      EV: 34    Int:  8    God:    Makhleb [*****.]
Gold:   0          SH:  0    Dex: 18    Spells: 79/79 levels left

rFire    + . .     SeeInvis .   i - +∞ Axe of Woe
rCold    . . .     Gourm    .   (shield currently unavailable)
rNeg     . . .     Faith    .   (armour unavailable)
rPois    .         Spirit   .   (helmet restricted)
rElec    .         Reflect  .   (no cloak)
rCorr    .         Harm     .   (no gloves)
MR       +....     NoTele   +   (no boots)
Stlth    +++++++++.             (no amulet)
HPRegen  0.54/turn              (no ring)
MPRegen  0.34/turn              (no ring)

@: hasted, very quick
A: breathe fire, unfitting armour, fire resistance 1, cold-blooded, AC +12
a: Breathe Fire, Minor Destruction, Lesser Servant of Makhleb, Major
Destruction, Greater Servant of Makhleb, Renounce Religion


You were in the Dungeon.
You worshipped Makhleb.
Makhleb was extremely pleased with you.
You were not hungry.

You visited 1 branch

Inventory:

Hand Weapons
 a - a +0 hand axe
 i - the +∞ Axe of Woe (weapon)
   (You found it in the Dungeon)
Missiles
 c - 6 silver javelins
 d - 4 boomerangs of dispersal (quivered)
Scrolls
 h - a scroll of blinking
Potions
 f - 2 potions of magic
 g - a potion of berserk rage
Comestibles
 b - a ration


   Skills:
 O Level 27 Fighting
 O Level 27 Axes
 O Level 27 Throwing
 O Level 27 Dodging
 O Level 27 Stealth
 O Level 27 Unarmed Combat
 O Level 27 Spellcasting
 O Level 27 Invocations


You had 79 spell levels left.
You didn't know any spells.
Your spell library was empty.

Dungeon Overview and Level Annotations

Branches:
Dungeon (1/1)

Altars:
Makhleb


Innate Abilities, Weirdness & Mutations

You can breathe blasts of fire.
Your fiery red scales are hard. (AC +12)
You cannot fit into any form of body armour.
Your flesh is heat resistant. (rF+)
You are cold-blooded and may be slowed by cold attacks.


Message History

You slice the destroyer!!
You slaughter the destroyer joyfully.
You destroy the destroyer!
Makhleb accepts your kill.
The accursed gestures at you while chanting.
Something smites you!
* * * LOW HITPOINT WARNING * * *
A tyrant comes into view.
You hear a shout! x7
You hear a shout! x2
A meat berserker comes into view. It is wielding a +9 battleaxe.
The tyrant waves its bony arms in wide circles.
The air twists around and strikes you!!!
* * * LOW HITPOINT WARNING * * *
You open the crawling corpse like a pillowcase!!!
You hew the crawling corpse savagely.
You destroy the crawling corpse!
You hear a shout! x2
The tyrant waves its bony arms in wide circles.
The air twists around and strikes you!!
You die...

....O .. #...
.# . #... ..#
.o###... ..###.
......###......
..L.._.L...§
#o)L..# #@)z)_#
#)))).#
....._......
.....§###......
..###.o. ..###.
. #M.. ..# #...
.# ..... .§


You could see an accursed, 3 tyrants, a sculptor of flesh, a meat berserker
(berserk) and 2 bags of meat.

Vanquished Creatures
  A greater mummy (D)
  10 vampire knights (D)
  8 ogres (D)
  A two-headed ogre (D)
  2 liches (D)
  24 orcs (D)
  3 large abominations (D)
  2 small abominations (D)
  3 crawling corpses (D)
54 creatures vanquished.

Notes
Turn   | Place    | Note
-------+----------+-------------------------------------------
     0 | D        | Found the +∞ Axe of Woe
     0 | D        | Ponchio the Draconian Berserker began the quest for the
                  | Orb.
     0 | D        | Reached XP level 1. HP: 19/19 MP: 1/1
     1 | D        | Noticed a bag of meat
     2 | D        | Noticed a bag of meat
     3 | D        | Noticed a bag of meat
     4 | D        | Noticed a meat berserker
     4 | D        | Noticed a bag of meat
     5 | D        | Killed a meat berserker
     5 | D        | Reached XP level 2. HP: 57/57 MP: 2/2
     5 | D        | Reached XP level 3. HP: 64/64 MP: 3/3
     5 | D        | Reached XP level 4. HP: 72/72 MP: 4/4
     5 | D        | Reached XP level 5. HP: 80/80 MP: 5/5
     5 | D        | Reached XP level 6. HP: 88/88 MP: 6/6
     5 | D        | Your scales start taking on a fiery red colour.
     5 | D        | Reached XP level 7. HP: 95/95 MP: 7/7
     5 | D        | Gained mutation: Your flesh is heat resistant. (rF+) [Red
                  | Draconian growth]
     5 | D        | Reached XP level 8. HP: 103/103 MP: 8/8
     5 | D        | Reached XP level 9. HP: 111/111 MP: 9/9
     5 | D        | Reached XP level 10. HP: 118/118 MP: 10/10
     5 | D        | Reached XP level 11. HP: 126/126 MP: 11/11
     5 | D        | Reached XP level 12. HP: 134/134 MP: 12/12
     5 | D        | Reached XP level 13. HP: 140/140 MP: 13/13
     5 | D        | Noticed a bag of meat
     5 | D        | Noticed a bag of meat
     6 | D        | Noticed a bag of meat
     6 | D        | Noticed a bag of meat
     7 | D        | Noticed a bag of meat
     8 | D        | Killed a bag of meat
     8 | D        | Reached ** piety under Trog
     8 | D        | Killed a bag of meat
     8 | D        | Reached XP level 14. HP: 133/157 MP: 14/14
     8 | D        | Noticed a meat berserker
     8 | D        | Noticed a bag of meat
     8 | D        | Noticed a bag of meat
     8 | D        | Noticed a bag of meat
     9 | D        | Noticed a meat berserker
    10 | D        | Killed a bag of meat
    10 | D        | Killed a bag of meat
    10 | D        | Reached *** piety under Trog
    10 | D        | Reached XP level 15. HP: 117/170 MP: 15/15
    10 | D        | Noticed a meat berserker
    11 | D        | Reached skill level 27 in Fighting
    12 | D        | Reached XP level 16. HP: 126/183 MP: 16/16
    14 | D        | Killed a meat berserker
    14 | D        | Reached **** piety under Trog
    14 | D        | Reached skill level 27 in Axes
    14 | D        | Reached skill level 27 in Dodging
    15 | D        | Reached XP level 17. HP: 133/191 MP: 17/17
    15 | D        | Noticed a meat berserker
    17 | D        | Reached ***** piety under Trog
    17 | D        | Reached skill level 15 in Throwing
    18 | D        | Killed a meat berserker
    18 | D        | Received a gift from Trog
    18 | D        | Reached XP level 18. HP: 140/200 MP: 18/18
    20 | D        | Killed a meat berserker
    20 | D        | Reached XP level 19. HP: 95/207 MP: 19/19
    23 | D        | Noticed a large bag of meat
    25 | D        | Received a gift from Trog
    25 | D        | Reached skill level 27 in Stealth
    25 | D        | Reached skill level 27 in Unarmed Combat
    26 | D        | Reached skill level 27 in Throwing
    27 | D        | Killed a meat berserker
    27 | D        | Received a gift from Trog
    27 | D        | Reached XP level 20. HP: 104/216 MP: 20/20
    29 | D        | Noticed a destroyer
    30 | D        | Killed a large bag of meat
    30 | D        | Reached XP level 21. HP: 124/224 MP: 21/21
    30 | D        | Noticed a destroyer
    32 | D        | Noticed a destroyer
    35 | D        | Killed a destroyer
    35 | D        | Reached ****** piety under Trog
    35 | D        | Received a gift from Trog
    35 | D        | Killed a destroyer
    35 | D        | Reached XP level 22. HP: 122/233 MP: 22/22
    36 | D        | Noticed a destroyer
    37 | D        | Killed a destroyer
    41 | D        | Noticed a destroyer
    45 | D        | Noticed a destroyer
    47 | D        | Received a gift from Trog
    47 | D        | Noticed a tyrant
    48 | D        | Killed a destroyer
    48 | D        | Received a gift from Trog
    48 | D        | Reached XP level 23. HP: 14/240 MP: 23/23
    50 | D        | Noticed a tyrant
    50 | D        | Killed a destroyer
    50 | D        | Received a gift from Trog
    51 | D        | Noticed a destroyer
    53 | D        | Fell from the grace of Trog
    53 | D        | Became a worshipper of Makhleb the Destroyer
    54 | D        | Reached skill level 27 in Spellcasting
    54 | D        | Reached skill level 27 in Invocations
    54 | D        | Noticed a destroyer
    54 | D        | Noticed a destroyer
    55 | D        | Noticed a tyrant
    55 | D        | Noticed a tyrant
    56 | D        | Reached * piety under Makhleb
    56 | D        | Noticed an accursed
    57 | D        | Noticed an accursed
    57 | D        | Killed a tyrant
    58 | D        | Reached ** piety under Makhleb
    58 | D        | Killed a destroyer
    58 | D        | Reached XP level 24. HP: 62/249 MP: 23/54
    60 | D        | Reached *** piety under Makhleb
    61 | D        | Killed a destroyer
    62 | D        | Killed a destroyer
    62 | D        | Reached XP level 25. HP: 87/257 MP: 24/54
    62 | D        | Noticed a destroyer
    63 | D        | Reached **** piety under Makhleb
    64 | D        | Killed an accursed
    64 | D        | Killed a tyrant
    64 | D        | Reached XP level 26. HP: 86/266 MP: 24/54
    65 | D        | Killed a destroyer
    65 | D        | Reached ***** piety under Makhleb
    65 | D        | Killed a destroyer
    65 | D        | Noticed a tyrant
    67 | D        | Killed from afar by a tyrant

Levels and vault maps discovered:
D:        meatsprint

Skill      XL: |  1  2  3  4  5  6  7  8  9 10 11 12 13 14 15 16 17 18 19 20 21 22 23 |
---------------+----------------------------------------------------------------------+-----
Fighting       | 20 23 25 27 | 27.0
Axes           | 19 21 23 26 27 | 27.0
Dodging        | 17 20 22 25 27 | 27.0
Throwing       | 11 18 22 27 | 27.0
Stealth        | 12 19 23 27 | 27.0
Unarmed Combat | 12 19 23 27 | 27.0
Spellcasting   | 27 | 27.0
Invocations    | 27 | 27.0

Action                   |  1- 3 |  4- 6 |  7- 9 | 10-12 | 13-15 | 16-18 | 19-21 | 22-24 | 25-27 || total
-------------------------+-------+-------+-------+-------+-------+-------+-------+-------+-------++-------
Melee: Executioner's axe |     1 |       |       |       |     4 |     5 |    11 |    12 |     4 ||    37
Invok: Trog's Hand       |       |       |       |       |       |     1 |       |       |       ||     1
  Use: Potion            |       |       |       |       |     1 |       |     2 |       |       ||     3
